 Dungeon Sprint DCSS version 0.24-a0-549-g45f0056 (webtiles) character file.

Game seed: 11673010395885277560

6421 Faca the Warrior (level 11, -4/105 HPs)
             Began as a Formicid Fighter on Aug 19, 2019.
             Was the Champion of the Shining One.
             Slain by an orc knight
             ... wielding a +3 battleaxe of chopping
              (7 damage)
             ... in the Dungeon (Sprint IX: "|||||||||||||||||||||||||||||").
             The game lasted 00:04:50 (1805 turns).

Faca the Warrior (Formicid Fighter)                 Turns: 1805, Time: 00:04:51

Health: -4/105     AC: 19    Str: 27    XL:     11   Next: 18%
Magic:  11/11      EV:  8    Int:  8    God:    the Shining One [******]
Gold:   1268       SH: 13    Dex: 13    Spells: 10/10 levels left

rFire    . . .     SeeInvis +   p - +2 scimitar (holy)
rCold    . . .     Gourm    .   c - +0 shield
rNeg     + + +     Faith    .   b - +0 plate armour
rPois    .         Spirit   .   (helmet unavailable)
rElec    .         Reflect  .   y - +1 cloak
rCorr    .         Harm     .   (no gloves)
MR       +....                  q - +0 pair of boots
Stlth    ..........             (no amulet)
HPRegen  0.27/turn              s - +3 ring of strength
MPRegen  0.12/turn              t - +3 ring of dexterity

@: glowing
A: permanent stasis, dig shafts and tunnels, four strong arms, antennae 3
a: Dig, Divine Shield, Cleansing Flame, Summon Divine Warrior, Brand Weapon With
Holy Wrath, Renounce Religion


You were in the Dungeon.
You worshipped the Shining One.
The Shining One was exalted by your worship.
You were not hungry.

You visited 1 branch You collected 1268 gold pieces.

Inventory:

Hand Weapons
 o - a +2 dire flail of protection
 p - a +2 scimitar of holy wrath (weapon)
 z - a +0 short sword
Armour
 b - a +0 plate armour (worn)
 c - a +0 shield (worn)
 q - a +0 pair of boots (worn)
 y - a +1 cloak (worn)
Jewellery
 s - a +3 ring of strength (left hand)
 t - a +3 ring of dexterity (right hand)
Wands
 n - a wand of acid (10)
 x - a wand of paralysis (10)
Scrolls
 k - 2 scrolls of blinking
 l - 3 scrolls of remove curse
 m - 2 scrolls of amnesia
 r - a scroll of fear
 u - 2 scrolls of enchant armour
 v - 4 scrolls of fog
 w - a scroll of identify
Potions
 d - a potion of might
 e - 7 potions of curing
 g - 5 potions of heal wounds
 h - a potion of haste
 i - 4 potions of magic
 j - a potion of berserk rage
Comestibles
 f - 12 rations


   Skills:
 + Level 16.3 Fighting
 + Level 15.1 Long Blades
 + Level 11.1 Armour
 + Level 12.0 Shields


You had 10 spell levels left.
You didn't know any spells.
Your spell library was empty.

Dungeon Overview and Level Annotations

Branches:
Dungeon (1/1)

Altars:
Cheibriados
Dithmenos
Elyvilon
Fedhas
Gozag
Hepliaklqana
Kikubaaqudgha
Makhleb
Nemelex Xobeh
Okawaru
Qazlal
Ru
Sif Muna
Trog
Uskayaw
Vehumet
Wu Jian
Xom
Yredelemnul
Zin
The Shining One
Beogh
Jiyva
Lugonu

Shops:
D }


Innate Abilities, Weirdness & Mutations

You cannot be hasted, slowed, berserked, paralysed or teleported.
You can dig through walls and to a lower floor.
Your four strong arms can wield two-handed weapons with a shield.
You have a pair of large antennae on your head. (SInv)


Message History

You closely miss the orc knight.
The orc knight roars a battlecry!
The orc knight goes into a battle-frenzy!
You slash the orc knight!
The orc knight is lightly wounded.
The orc knight hits you with a +3 battleaxe of chopping!!
You hit the orc knight but do no damage.
The orc knight is lightly wounded.
You slice the orc knight!!
The orc knight is heavily wounded.
The orc knight hits you with a +3 battleaxe of chopping!!!
You slash the orc knight!
The orc knight is almost dead.
An orc high priest comes into view. It is wielding a +0 battleaxe.
The orc high priest shouts!
You hit the orc knight but do no damage.
The orc knight is almost dead.
The orc knight hits you with a +3 battleaxe of chopping!!
* * * LOW HITPOINT WARNING * * *
You die... {{{{{{{{{{{{{

▓▓▓▓▓▓▓▓▓▓▓▓▓▓▓▓▓▓▓▓▓▓▓▓ {{{ { {
o$ooooo@.........))'...)
▓▓▓▓▓▓▓▓▓▓▓▓▓▓▓▓▓▓▓▓▓▓▓▓▓▓▓▓▓▓▓▓▓
.................................
▓▓▓▓▓▓▓▓▓▓▓▓▓▓▓▓▓▓▓▓▓▓▓▓▓▓▓▓▓▓▓▓▓
.'.).[..÷.†...'........††........
▓▓▓▓▓▓▓▓▓▓▓▓▓▓▓▓▓▓▓▓▓▓▓▓▓▓▓▓▓▓▓▓▓
.................................
▓▓▓▓▓▓▓▓▓▓▓▓▓▓▓▓▓▓▓▓▓▓▓▓▓▓▓▓▓▓▓▓▓
..[)(..)[()|.!'__________________


You could see 5 orc knights and an orc high priest.

Vanquished Creatures
  3 orc knights (D)
  2 lindwurms (D)
  Maurice (D)
  2 spiny frogs (D)
  A polar bear (D)
  2 hippogriffs (D)
  2 yaks (D)
  2 water moccasins (D)
  2 porcupines (D)
  11 orc warriors (D)
  An ice beast (D)
  A necrophage (D)
  A centaur (D)
  2 crocodiles (D)
  6 bullfrogs (D)
  A crimson imp (D)
  An orc priest (D)
  6 orc wizards (D)
  A gnoll shaman (D)
  A gnoll (D)
  A shadow imp (D)
  An adder zombie (D)
  6 worms (D)
  A dart slug (D)
  9 orcs (D)
  A bat skeleton (D)
  A bat zombie (D)
  A hobgoblin (D)
  A jackal (D)
  3 kobolds (D)
74 creatures vanquished.

Notes
Turn   | Place    | Note
-------+----------+-------------------------------------------
     0 | D        | Faca the Formicid Fighter began the quest for the Orb.
     0 | D        | Reached XP level 1. HP: 18/18 MP: 1/1
    14 | D        | Reached skill level 4 in Fighting
    18 | D        | Reached XP level 2. HP: 26/26 MP: 2/2
    25 | D        | Noticed a crimson imp
    32 | D        | Reached skill level 5 in Fighting
    41 | D        | Reached skill level 6 in Fighting
    41 | D        | Reached skill level 5 in Long Blades
    41 | D        | Reached XP level 3. HP: 9/34 MP: 3/3
    55 | D        | Reached skill level 7 in Fighting
    55 | D        | Reached XP level 4. HP: 14/43 MP: 4/4
    61 | D        | Found a roughly hewn altar of Beogh.
    61 | D        | Found a snail-covered altar of Cheibriados.
    61 | D        | Found a shadowy altar of Dithmenos.
    61 | D        | Found a white marble altar of Elyvilon.
    61 | D        | Found a blossoming altar of Fedhas.
    61 | D        | Found an opulent altar of Gozag.
    62 | D        | Found a hazy altar of Hepliaklqana.
    63 | D        | Found a viscous altar of Jiyva.
    64 | D        | Found an ancient bone altar of Kikubaaqudgha.
    65 | D        | Found a corrupted altar of Lugonu.
    66 | D        | Found a burning altar of Makhleb.
    67 | D        | Found a sparkling altar of Nemelex Xobeh.
    68 | D        | Found an iron altar of Okawaru.
    69 | D        | Found a stormy altar of Qazlal.
    70 | D        | Found a sacrificial altar of Ru.
    71 | D        | Found a shimmering blue altar of Sif Muna.
    72 | D        | Found a bloodstained altar of Trog.
    73 | D        | Found a hide-covered altar of Uskayaw.
    74 | D        | Found a radiant altar of Vehumet.
    75 | D        | Found an ornate altar of the Wu Jian Council.
    76 | D        | Found a shimmering altar of Xom.
    77 | D        | Found a basalt altar of Yredelemnul.
    78 | D        | Found a glowing silver altar of Zin.
    79 | D        | Found a glowing golden altar of the Shining One.
    87 | D        | Became a worshipper of the Shining One
   264 | D        | Noticed a necrophage
   264 | D        | Noticed a bullfrog
   264 | D        | Reached * piety under the Shining One
   264 | D        | Noticed a centaur
   264 | D        | Noticed an orc warrior
   267 | D        | Killed an orc warrior
   267 | D        | Reached skill level 9 in Fighting
   267 | D        | Reached XP level 5. HP: 43/52 MP: 5/5
   272 | D        | Reached XP level 6. HP: 34/59 MP: 6/6
   275 | D        | Reached skill level 10 in Fighting
   280 | D        | Reached skill level 11 in Fighting
   280 | D        | Reached skill level 10 in Long Blades
   280 | D        | Reached XP level 7. HP: 24/68 MP: 7/7
   487 | D        | Reached ** piety under the Shining One
   487 | D        | Reached *** piety under the Shining One
   493 | D        | Reached skill level 12 in Fighting
   499 | D        | Reached **** piety under the Shining One
   760 | D        | Noticed a water moccasin
   760 | D        | Noticed a hippogriff
   765 | D        | Reached XP level 8. HP: 78/78 MP: 8/8
   773 | D        | Killed a hippogriff
   773 | D        | Reached skill level 13 in Fighting
   775 | D        | Reached ***** piety under the Shining One
   793 | D        | Reached skill level 5 in Shields
   796 | D        | Reached skill level 5 in Armour
   796 | D        | Reached XP level 9. HP: 63/86 MP: 9/9
   913 | D        | Noticed a polar bear
   913 | D        | Noticed a spiny frog
   913 | D        | Noticed a spiny frog
   916 | D        | Killed a spiny frog
   916 | D        | Reached skill level 14 in Fighting
   926 | D        | Noticed a hippogriff
   936 | D        | Killed a spiny frog
   939 | D        | Killed a polar bear
   945 | D        | Reached XP level 10. HP: 79/95 MP: 10/10
   948 | D        | Reached skill level 15 in Fighting
  1011 | D        | Noticed a lindwurm
  1011 | D        | Reached ****** piety under the Shining One
  1013 | D        | Noticed a lindwurm
  1033 | D        | Killed a lindwurm
  1037 | D        | Killed a lindwurm
  1037 | D        | Reached skill level 10 in Shields
  1358 | D        | Noticed Maurice
  1373 | D        | Killed Maurice
  1519 | D        | Noticed an orc knight
  1521 | D        | Reached skill level 10 in Armour
  1528 | D        | Noticed an orc knight
  1550 | D        | Noticed an orc knight
  1560 | D        | Killed an orc knight
  1560 | D        | Reached skill level 16 in Fighting
  1573 | D        | Killed an orc knight
  1573 | D        | Reached XP level 11. HP: 48/104 MP: 11/11
  1587 | D        | Killed an orc knight
  1587 | D        | Reached skill level 15 in Long Blades
  1799 | D        | Found Fiweack's Gadget Boutique.
  1799 | D        | Noticed an orc knight
  1799 | D        | Noticed an orc knight
  1799 | D        | Noticed an orc knight
  1799 | D        | Noticed an orc knight
  1799 | D        | Noticed an orc knight
  1804 | D        | Noticed an orc high priest
  1805 | D        | HP: 3/105 [orc knight/+3 battleaxe of chopping (33)]
  1805 | D        | Slain by an orc knight

Levels and vault maps discovered:
D:        linesprint [early_d, line_temple, items_1, d_10, items_2, lair_1,
          lair_end, items_3, orc_1, orc_end, items_4, d_15, swamp_1, shoals_1,
          snake_1, spider_1, d_20, vaults_1, items_5, swamp_end, shoals_end,
          snake_end, spider_end, vaults_end, d_27, items_6, zot_1, zot_end,
          crypt_end, forest_end, elf_end, slime_end, tomb_end, abyss_end,
          pan_hell_end]

Skill      XL: |  1  2  3  4  5  6  7  8  9 10 11 |
---------------+----------------------------------+-----
Fighting       | 4 6 7 9 11 12 13 14 16 | 16.3
Long Blades    | 3 5 6 8 10 11 12 13 14 15 | 15.1
Shields        | 5 8 11 12 | 12.0
Armour         | 5 8 10 11 | 11.1

Action                   |  1- 3 |  4- 6 |  7- 9 | 10-12 || total
-------------------------+-------+-------+-------+-------++-------
Melee: Long sword        |    42 |       |       |       ||    42
       Scimitar          |       |    14 |    88 |   151 ||   253
  Use: Potion            |       |       |       |     4 ||     4
  Eat: Chunk             |       |       |       |     3 ||     3
Armor: Scale mail        |    14 |     5 |       |       ||    19
       Chain mail        |       |       |    20 |       ||    20
       Plate armour      |       |       |     6 |    24 ||    30
Dodge: Dodged            |    13 |     3 |    18 |    17 ||    51
Block: Shield            |    22 |     4 |    26 |    44 ||    96
       Rpst.: Long sword |     9 |       |       |       ||     9
       Scimitar          |       |     1 |     5 |     8 ||    14

Table legend:
 A = Non-vault XP
 B = Vault XP
 C = Vault XP percentage of total XP
 D = Non-vault monster count
 E = Vault monster count
 F = Vault count percentage of total count
                 A         B        C        D         E       F
            +---------+---------+-------+---------+---------+-------
      Total |       0 |    9173 | 100.0 |       0 |      74 | 100.0
            +---------+---------+-------+---------+---------+-------
          D |       0 |    9173 | 100.0 |       0 |      74 | 100.0
            +---------+---------+-------+---------+---------+-------
